Map: Ruins of Seras

Players

Jason - Winner!

  • Race: Terran Terran
  • League: Grandmaster

CMStormPolt (Polt)

  • Race: Terran Terran
  • League: Master

VOD

Have the link to the VOD?

Description

Time

  • Played on: Jan. 11, 2016, 8 p.m.
  • Length: 21:23
Show
View Real Time Build Order
Export as new Build Order

Jason Terran - Winner!

Build Orders: Reaper Expand, Bio Tank 

Get SALT Encoding   

  12  0:01  SCV  
  14  0:14  SCV  
  14  0:18  Supply Depot  
  14  0:26  SCV  
  15  0:40  SCV  
  15  0:41  Barracks  
  16  0:45  Refinery  
  16  0:52  SCV  
  18  1:04  SCV  
  18  1:16  SCV  
  19  1:30  Orbital Command  
  19  1:32  Reaper  
  20  1:46  Command Center  
  20  1:53  Supply Depot  
  20  1:57  SCV  
  21  2:05  Reaper  
  22  2:09  SCV  
  22  2:14  Refinery  
  23  2:21  SCV  
  24  2:28  Factory  
  24  2:33  SCV  
  25  2:40  Bunker  
  25  2:41  Barracks Reactor  
  25  2:45  SCV  
  26  2:58  SCV  
  27  2:59  Engineering Bay  
  27  3:00  Orbital Command  
  27  3:10  SCV  
  27  3:12  Factory Tech Lab  
  28  3:13  Starport  
  28  3:18  Marine x2  
  30  3:22  SCV  
  31  3:28  SCV  
  31  3:32  Cyclone  
  35  3:34  SCV  
  35  3:40  SCV, Marine x2  
  39  3:45  Missile Turret  
  39  3:46  SCV  
  40  3:52  Viking  
  42  3:56  SCV  
  41  4:03  Marine x2  
  41  4:09  SCV  
  43  4:11  Missile Turret  
  44  4:21  Supply Depot  
  44  4:22  Cyclone  
  46  4:33  Command Center, SCV  
  46  4:34  SCV  
  46  4:42  Viking, Marine  
  46  4:45  SCV  
  50  4:46  Supply Depot  
  50  4:50  SCV  
  50  4:56  Marine  
  50  4:57  SCV  
  51  5:01  Siege Tank  
  54  5:08  SCV  
  54  5:09  SCV  
  54  5:10  Supply Depot  
  56  5:14  Starport Reactor  
  56  5:20  SCV  
  57  5:21  SCV  
  57  5:22  Barracks  
  57  5:23  Barracks  
  58  5:29  Marine  
  58  5:30  Marine  
  58  5:32  SCV  
  58  5:34  Siege Tank  
  64  5:36  SCV  
  64  5:41  Refinery  
  64  5:42  Supply Depot, Refinery  
  65  5:44  SCV  
  65  5:47  Marine  
  65  5:48  Orbital Command  
  65  5:49  SCV  
  68  6:00  Marine  
  68  6:02  SCV  
  70  6:06  Medivac x2  
  70  6:07  SCV  
  75  6:12  Barracks Tech Lab x2  
  75  6:14  SCV  
  75  6:15  Marine  
  75  6:18  Marine  
  77  6:34  Siege Tank, Marine x2  
  77  6:39  Marine  
  83  6:43  Combat Shields  
  83  6:46  Stimpack  
  83  6:48  SCV x2  
  83  6:52  Supply Depot  
  83  6:53  Supply Depot, Marine  
  86  6:55  Terran Infantry Armor Level 1, Barracks x2  
  86  6:56  Marine  
  86  6:59  SCV  
  86  7:00  Marine x2  
  90  7:02  SCV  
  90  7:03  Orbital Command  
  90  7:06  Sensor Tower  
  91  7:11  Marine  
  92  7:19  Marine  
  92  7:21  SCV  
  92  7:22  SCV, Marine x2  
  95  7:29  Marine  
  98  7:32  SCV  
  98  7:34  SCV x2  
  98  7:36  Sensor Tower, Marine  
  101  7:38  Refinery x2  
  101  7:40  Marine  
  101  7:41  Sensor Tower  
  104  7:44  Siege Tank  
  104  7:45  SCV  
  104  7:48  SCV, Barracks Reactor  
  104  7:50  Supply Depot  
  104  7:51  Supply Depot  
  108  7:52  Medivac  
  108  7:53  SCV, Marine  
  108  7:54  Marine x2  
  108  7:57  Marine  
  115  8:02  Marine  
  115  8:05  SCV  
  117  8:08  Factory  
  117  8:09  Supply Depot  
  117  8:11  Marine  
  117  8:12  Marine  
  119  8:13  Engineering Bay  
  119  8:15  Armory  
  119  8:17  Marine  
  119  8:18  SCV, Marine  
  122  8:20  Marine  
  122  8:24  SCV x2  
  125  8:27  Marine  
  125  8:29  Marine x2  
  125  8:30  SCV  
  129  8:35  Marine  
  129  8:36  SCV x2  
  129  8:38  Marine  
  133  8:42  SCV  
  133  8:46  Marine  
  134  8:49  Marine  
  134  8:52  Factory Tech Lab, Marine x3  
  134  8:53  Medivac x2  
  140  8:56  SCV  
  139  9:03  Siege Tank  
  141  9:14  Marine  
  141  9:25  Marine  
  141  9:26  Marine x3  
  141  9:27  Siege Tank, Marine x2  
  116  9:32  Marine  
  101  9:43  Marine x2  
  101  9:44  Marine x4  
  103  9:48  Siege Tank  
  103  9:49  Marine  
  107  9:57  SCV x2, Medivac  
  107  9:59  Siege Tank  
  114  10:01  Medivac, Marine x3  
  114  10:02  Marine x3  
  114  10:03  Terran Infantry Weapons Level 1, Terran Infantry Armor Level 2  
  114  10:05  SCV  
  123  10:07  Marine  
  123  10:09  SCV  
  123  10:10  Command Center  
  123  10:12  Supply Depot x2  
  123  10:13  Supply Depot, Sensor Tower  
  125  10:19  Marine x3  
  125  10:20  Marine x3  
  125  10:21  Missile Turret  
  131  10:22  Missile Turret x2  
  131  10:25  Missile Turret, Marine  
  131  10:36  Marine  
  131  10:37  Marine x2  
  131  10:38  Marine x3  
  131  10:40  Siege Tank  
  140  10:43  Marine  
  141  10:50  Siege Tank  
  141  10:54  Marine  
  141  10:55  SCV, Marine x3  
  141  10:56  Marine x2  
  151  11:01  Marine  
  151  11:12  Marine x2  
  151  11:13  Marine x4  
  151  11:17  Siege Tank  
  157  11:19  Marine  
  157  11:22  Medivac  
  157  11:23  Medivac  
  162  11:28  Missile Turret  
  162  11:30  Marine x3  
  162  11:31  Marine  
  162  11:32  Marine  
  166  11:33  Missile Turret  
  166  11:34  Missile Turret, Marine  
  166  11:36  Marine  
  168  11:41  Siege Tank  
  168  11:43  Planetary Fortress  
  167  11:48  Marine x3  
  167  11:49  Siege Tank, Marine  
  167  11:50  Marine  
  167  11:51  Marine  
  174  11:54  Marine  
  171  12:05  Marine  
  171  12:06  Terran Infantry Weapons Level 2, Marine x2  
  171  12:07  Marine x2  
  176  12:09  Refinery, Marine  
  176  12:10  Refinery  
  176  12:12  Marine  
  178  12:16  Siege Tank  
  178  12:21  Command Center  
  178  12:23  Marine  
  178  12:24  Marine x2  
  178  12:25  Marine  
  178  12:26  Marine  
  178  12:27  Marine  
  145  12:35  Marine  
  142  12:37  Siege Tank  
  142  12:41  Barracks, Marine  
  142  12:42  Barracks, Marine x2  
  142  12:43  Barracks, Marine  
  142  12:44  Marine  
  150  12:45  Marine  
  151  12:53  Marine  
  152  12:59  Marine x2  
  152  13:00  Marine  
  152  13:01  Siege Tank, Marine x2  
  152  13:03  Marine  
  161  13:09  Medivac  
  161  13:11  Marine  
  164  13:12  Terran Infantry Armor Level 3  
  164  13:17  Marine x2  
  164  13:18  Marine  
  164  13:19  Marine x2  
  169  13:20  Marine  
  144  13:28  Marine  
  144  13:31  Siege Tank  
  128  13:34  Marine  
  128  13:35  Marine  
  128  13:36  Marine x2  
  128  13:37  Marine, Medivac  
  128  13:38  SCV x2, Marine  
  133  13:46  Marine  
  122  13:52  Marine  
  122  13:53  Marine x2  
  122  13:54  Marine  
  122  13:55  Marine  
  121  13:56  Marine  
  121  14:01  Siege Tank  
  125  14:03  Siege Tank  
  125  14:04  Marine  
  128  14:10  Marine  
  128  14:11  Marine x2  
  128  14:12  Marine  
  128  14:13  Marine  
  128  14:14  Marine  
  126  14:22  Marine  
  123  14:28  Marine x2  
  123  14:29  Planetary Fortress, Marine  
  123  14:30  Marine x2  
  128  14:32  Marine, Medivac x2  
  128  14:33  Terran Infantry Weapons Level 3, Siege Tank  
  136  14:38  Refinery, Marine x2  
  136  14:39  Refinery, Marine  
  136  14:40  Marine  
  140  14:46  Marine x2  
  140  14:47  Sensor Tower, Marine  
  140  14:48  Marine x2  
  140  14:50  Marine  
  146  14:56  Marine x3  
  146  14:57  Marine  
  146  14:59  Siege Tank  
  153  15:02  Medivac x2  
  153  15:04  Marine x2  
  153  15:05  Marine x2  
  153  15:06  Sensor Tower, Marine  
  156  15:15  Marine  
  156  15:19  SCV  
  156  15:20  Marine  
  157  15:24  Marine  
  157  15:28  Marine  
  157  15:29  Marine x2  
  157  15:30  Marine  
  157  15:32  Marine  
  157  15:33  Siege Tank  
  157  15:34  Marine  
  157  15:35  Siege Tank  
  163  15:39  SCV x2, Marine  
  160  15:43  Marine  
  160  15:44  Marine  
  160  15:45  Marine  
  160  15:46  Marine  
  160  15:47  Marine x2  
  160  15:48  SCV x2, Marine  
  168  15:51  SCV  
  168  15:52  Refinery  
  168  15:54  Marine x2  
  171  15:57  Marine  
  171  16:01  Marine  
  171  16:02  Marine  
  174  16:05  Siege Tank  
  174  16:08  Marine  
  174  16:09  Marine  
  174  16:10  Marine x2  
  174  16:11  Siege Tank, Marine  
  184  16:12  Marine  
  184  16:13  SCV x4  
  190  16:25  SCV x3, Marine  
  150  16:26  Marine x2  
  150  16:31  Marine x2  
  149  16:36  Marine x2  
  149  16:37  Siege Tank  
  142  16:40  Marine x2  
  142  16:43  Marine  
  142  16:44  Siege Tank, Marine  
  142  16:46  Marine x2  
  143  16:52  Marine  
  140  16:57  Marine  
  140  16:58  Marine  
  140  17:00  Marine x3, Medivac  
  134  17:06  Marine x2  
  136  17:17  Marine  
  136  17:18  Marine x4  
  141  17:25  Marine, Medivac  
  141  17:26  Marine  
  148  17:30  Medivac  
  143  17:34  Marine x2  
  146  17:38  Marine x3  
  146  17:42  Marine  
  146  17:43  Marine  
  151  17:45  Marine  
  151  17:46  Marine  
  151  17:50  Marine  
  154  17:52  Marine  
  154  17:55  Medivac  
  154  17:58  Marine x4  
  161  18:06  Marine x3  
  161  18:07  Marine  
  161  18:12  Marine  
  166  18:13  Marine  
  166  18:15  Marine  
  166  18:16  Marine  
  166  18:19  Marine  
  170  18:27  Marine x2  
  170  18:28  Marine  
  170  18:31  Marine  
  170  18:32  Marine x2  
  170  18:34  Siege Tank  
  157  18:56  Marine x4  
  157  18:57  Siege Tank, Marine x2  
  157  18:58  Marine x2  
  162  19:13  Marine  
  162  19:14  Marine x3  
  165  19:24  Marine x4  
  135  19:31  Marine x3  
  135  19:32  Marine  
Show
View Real Time Build Order
Export as new Build Order

CMStormPolt Terran 

Build Orders: 1/1/1, Bio Tank 

Get SALT Encoding   

  12  0:00  SCV  
  13  0:13  SCV  
  14  0:19  Supply Depot  
  14  0:25  SCV  
  15  0:30  Refinery  
  15  0:41  SCV  
  16  0:45  Barracks  
  16  0:53  SCV  
  16  0:56  Refinery  
  17  1:05  SCV  
  18  1:17  SCV  
  19  1:32  Orbital Command  
  19  1:33  Reaper  
  19  1:37  Factory  
  20  1:46  Supply Depot  
  20  1:58  SCV  
  21  2:05  Reaper  
  22  2:10  SCV  
  23  2:21  Hellion  
  23  2:22  Starport  
  25  2:24  SCV  
  25  2:29  Supply Depot  
  26  2:36  SCV  
  27  2:37  Barracks Tech Lab  
  27  2:42  Hellion  
  29  2:48  SCV  
  30  3:00  SCV  
  30  3:04  Hellion  
  33  3:08  Viking  
  33  3:10  Barracks Reactor  
  35  3:16  Supply Depot  
  35  3:18  SCV  
  36  3:26  Factory Tech Lab  
  36  3:33  SCV  
  37  3:40  Raven  
  39  3:47  SCV  
  39  4:04  Siege Tank, Marine x2  
  39  4:08  SCV  
  44  4:16  Command Center  
  44  4:20  SCV  
  44  4:23  Supply Depot, Marine x2  
  47  4:44  Supply Depot, Medivac, Siege Tank, SCV, Marine x2  
  55  4:58  SCV  
  55  5:03  Barracks  
  55  5:04  Barracks  
  55  5:10  SCV  
  56  5:30  Siege Tank  
  56  5:31  SCV, Orbital Command  
  56  5:32  Refinery  
  56  5:35  Engineering Bay  
  60  5:36  Stimpack, Marine  
  60  5:39  Starport Reactor  
  61  5:49  SCV  
  62  5:53  Marine  
  63  6:01  SCV  
  63  6:02  Marine x3  
  65  6:04  SCV  
  65  6:05  Siege Tank  
  65  6:11  Marine  
  66  6:29  Marine x4  
  68  6:36  SCV x2  
  68  6:41  Supply Depot, Siege Tank  
  68  6:42  Barracks x2  
  71  6:49  Terran Infantry Weapons Level 1  
  71  6:50  Marine x2  
  71  6:51  Marine  
  71  6:52  Starport Reactor  
  74  7:05  SCV x2  
  74  7:08  Marine x5  
  78  7:13  Siege Tank  
  84  7:21  SCV x2  
  86  7:24  Supply Depot  
  86  7:25  Supply Depot  
  86  7:31  Barracks Reactor x2  
  86  7:36  Refinery  
  86  7:37  Combat Shields, Supply Depot  
  86  7:45  Medivac x2, Marine x4  
  86  7:46  Marine  
  86  7:50  Supply Depot, Siege Tank  
  97  8:06  Marine x5  
  97  8:07  Marine x3  
  97  8:09  Marine  
  106  8:15  Supply Depot  
  106  8:16  Supply Depot  
  105  8:21  Armory  
  105  8:22  Engineering Bay  
  105  8:36  Medivac x2  
  105  8:40  Siege Tank, Marine x5  
  117  8:41  Marine  
  117  8:44  Marine x2  
  117  8:46  Marine  
  121  8:53  Terran Infantry Armor Level 1  
  120  9:04  Marine x9  
  125  9:19  Siege Tank  
  125  9:20  Medivac  
  125  9:21  Medivac  
  132  9:31  Marine x9  
  95  9:49  Marine x9  
  101  9:53  Terran Infantry Weapons Level 2  
  101  9:58  Siege Tank  
  101  10:10  Terran Vehicle Weapons Level 1  
  101  10:12  Marine x9  
  110  10:30  Siege Tank  
  110  10:31  Medivac x2  
  117  10:38  Marine x4  
  117  10:39  Marine x5  
  126  10:51  Terran Infantry Armor Level 2  
  125  11:00  Marine x4  
  125  11:01  Marine x5  
  134  11:10  Supply Depot  
  134  11:12  Orbital Command  
  134  11:17  Siege Tank  
  134  11:31  Marine x8  
  142  11:36  Marine  
  142  11:37  Supply Depot  
  142  12:00  Siege Tank  
  145  12:03  Marine x9  
  154  12:08  Supply Depot x2  
  154  12:10  Medivac x2  
  92  12:34  Marine x9  
  92  12:35  Siege Tank  
  101  12:39  Terran Infantry Weapons Level 3  
  99  12:52  Marine x9  
  108  13:07  Siege Tank  
  108  13:12  Marine x6  
  114  13:13  Marine x3  
  114  13:16  Terran Infantry Armor Level 3  
  107  13:32  Marine x9  
  113  13:39  Siege Tank  
  104  13:50  Marine x9  
  108  14:13  Marine x2  
  108  14:14  Marine x6  
  105  14:28  Marine  
  105  14:30  Viking, Siege Tank  
  105  14:31  Viking, Marine x2  
  113  14:32  Marine x6  
  121  14:46  Marine  
  121  14:49  Marine x8  
  130  15:02  Siege Tank, Refinery  
  130  15:03  Refinery  
  130  15:22  Marine x9  
  132  15:36  Siege Tank  
  132  15:37  Medivac x2  
  139  15:46  Marine x9  
  148  15:58  Orbital Command  
  148  16:03  Marine x2  
  148  16:04  Marine x7  
  157  16:18  Siege Tank  
  160  16:21  Marine x6  
  160  16:22  Marine x3  
  97  16:41  Marine x6  
  97  16:42  Marine x3  
  104  16:51  Medivac x2  
  106  16:55  Siege Tank  
  98  17:07  Marine x9  
  107  17:13  Refinery x2  
  107  17:29  Marine x2  
  107  17:30  Marine x7  
  107  17:37  Siege Tank  
  108  17:51  Marine x9  
  108  17:56  Medivac x2  
  121  18:09  Marine x9  
  121  18:16  Siege Tank  
  107  18:26  Marine x2  
  107  18:27  Marine x5  
  106  18:47  Marine x5  
Tags
 
Add a new tag
Caveats
  • Supply blocks, unpowered buildings, or Contaminate may cause inaccurate times.
  • Supply counts are checked every 10 seconds.